 Dungeon Crawl Stone Soup version 0.17-a0-1450-g7e755d1 (webtiles) character file.

9719 pulse the Cleaver (level 11, -5/95 HPs)
             Began as a Formicid Berserker on June 30, 2015.
             Was the Champion of Trog.
             Killed from afar by a deep elf mage (11 damage)
             ... with a lance of force
             ... on level 11 of the Dungeon.
             The game lasted 00:26:16 (10572 turns).

pulse the Cleaver (Formicid Berserker)             Turns: 10572, Time: 00:26:16

Health: -5/95      AC: 20    Str: 24    XL:     11   Next: 79%
Magic:  0/3        EV:  7    Int: 12    God:    Trog [******]
Gold:   481        SH: 10    Dex: 10    Spells: 0 memorised, 10 levels left

rFire  + . .     SeeInvis +     F - +7 battleaxe (antimagic)
rCold  . . .     Clarity  .     r - +3 chain mail {rF+}
rNeg   + . .     SustAt   .     G - +0 shield
rPois  .         Gourm    .     (helmet unavailable)
rElec  .         Spirit   +     d - +2 cloak
rCorr  .         Warding  .     (no gloves)
rMut   .         Stasis   +     j - +1 pair of boots "Gaukheqa" {Int+4}
MR     +++..                    C - amulet of guardian spirit
Stlth  ..........               (no ring)
                                b - ring of positive energy

@: regenerating, extremely resistant to hostile enchantments, extremely
unstealthy
A: permanent stasis, dig shafts and tunnels, four strong arms, antennae 3,
deterioration 1, robust 1, MP-powered wands
a: Dig, Shaft Self, Burn Spellbooks, Trog's Hand, Brothers in Arms, Renounce
Religion


You were on level 11 of the Dungeon.
You worshipped Trog.
Trog was exalted by your worship.
You were not hungry.

You visited 1 branch of the dungeon, and saw 11 of its levels.
You also visited: Sewer.

You collected 481 gold pieces.

Inventory:

Hand weapons
 w - a +1 war axe of electrocution
 F - a +7 antimagic battleaxe (weapon)
Armour
 d - a +2 cloak (worn)
 j - the +1 pair of boots "Gaukheqa" (worn) {Int+4}
   (You acquired it on level 9 of the Dungeon)

   It affects your intelligence (+4).
 r - a +3 chain mail of fire resistance (worn)
 G - a +0 shield (worn)
Jewellery
 b - a ring of positive energy (left hand)
 i - an uncursed amulet of resist mutation
 y - a cursed -2 ring of intelligence {unknown}
 C - an amulet of guardian spirit (around neck)
Magical devices
 q - a wand of slowing (47)
 u - a wand of flame (25)
 B - a wand of confusion (37)
 D - a wand of polymorph (6)
Scrolls
 e - a scroll of blinking {unknown}
 g - 6 scrolls of identify
 l - 4 scrolls of recharging
 n - 4 scrolls of magic mapping
 p - a scroll of fog
 s - 2 scrolls of remove curse
 J - a scroll of enchant weapon {unknown}
Potions
 a - a potion of magic
 f - a potion of agility
 h - 4 potions of ambrosia
 m - 5 potions of brilliance
 o - 3 potions of flight
 t - a potion of curing
 v - 3 potions of mutation
 z - 4 potions of might
 A - a potion of cancellation
 I - a potion of invisibility {unknown}
Comestibles
 c - 8 bread rations
 k - 9 meat rations
 x - 8 royal jellies
 E - 3 fruits
 H - a beef jerky
 K - 5 chunks of flesh


   Skills:
 + Level 8.8 Fighting
 * Level 13.3 Axes
 + Level 9.1 Armour
 - Level 2.0 Dodging
 * Level 4.3 Shields


You had 10 spell levels left.
You didn't know any spells.

Dungeon Overview and Level Annotations

Branches:
Dungeon (11/15)            Temple (0/1) D:5            Lair (0/8) D:10
    Orc (0/4) D:10

Altars:
Makhleb
Zin
The Shining One
Beogh

Shops:
D:4 }

Portals:
Trove: D:10 (give 13 potions of heal wounds)


Innate Abilities, Weirdness & Mutations

You are under a permanent stasis effect.
You can dig through walls and to a lower floor.
Your four strong arms can wield two-handed weapons with a shield.
You have a pair of large antennae on your head (SInv).
Your body sometimes deteriorates upon taking damage.
You are robust (+10% HP).
You expend magic power (3 MP) to strengthen your wands.


Message History

The ten-headed hydra bites you.
* * * LOW HITPOINT WARNING * * *
The ten-headed hydra barely misses you.
Use which ability? (? or * to list)
Your skin crawls.
You feel resistant to hostile enchantments.
You feel slightly more hungry. You block the deep elf mage's attack.
You block the ten-headed hydra's attack.
The ten-headed hydra bites you but does no damage.
The ten-headed hydra bites you!
* * * LOW HITPOINT WARNING * * *
The ten-headed hydra bites you!
* * * LOW HITPOINT WARNING * * *
The ten-headed hydra bites you but does no damage. x2
The ten-headed hydra bites you.
* * * LOW HITPOINT WARNING * * *
The ten-headed hydra bites you but does no damage. x3
The deep elf mage casts a spell at you. The lance of force hits you!
You die...

..#.### #.#.#.. #.#.#.# #
#.#.#.# ### .# #.#.#.#
##.###.# #
#.#.#<###.#....#
#.##.#####.#.#.##.###.###
#......*e.@......## ##.#
#......D######.##.###.##
#.......# #.###.#.##
#.......# #.####)[####.
#.......# #............#
#.......# ######..###..#
#.......# #..# #
######.## #..# #. #...


You could see a ten-headed hydra and a deep elf mage.

Vanquished Creatures
  An unseen horror (D:8)
  Joseph (D:9)
  A kobold demonologist (D:11)
  A troll (D:11)
  Grinder (D:4)
  A queen bee (D:10)
  A two-headed ogre (D:10)
  A slime creature (D:7)
  2 hippogriffs
  5 yaks (D:10)
  Eustachio (D:6)
  Menkaure (D:4)
  Edmund (D:6)
  A porcupine (D:10)
  Duvessa (D:4)
  3 water moccasins
  A black bear (D:10)
  A phantom (D:7)
  2 orc warriors (D:10)
  4 ice beasts
  3 ogres
  A necrophage (D:7)
  5 sky beasts
  4 centaurs
  5 crocodiles (D:10)
  8 giant frogs
  A big kobold (D:9)
  Dowan (D:4)
  3 scorpions
  20 killer bees
  6 hounds
  A wasp zombie (D:7)
  6 crimson imps
  A giant frog zombie (D:6)
  3 centaur skeletons
  4 orc priests
  11 jellies
  A giant frog skeleton (D:10)
  10 orc wizards
  5 worker ants
  An iguana (D:6)
  A hound zombie (D:6)
  A hound skeleton (D:4)
  A worker ant zombie (D:10)
  17 adders
  6 river rats (D:10)
  3 shadow imps
  20 oozes
  An adder skeleton (D:5)
  2 worms
  13 giant geckos
  26 orcs
  A bat skeleton (D:4)
  14 giant cockroaches
  11 hobgoblins
  9 jackals
  16 kobolds
  9 ball pythons
  13 bats
  A giant gecko zombie (D:5)
  15 giant newts
  14 goblins
  5 quokkas
  2 quokka zombies (D:6)
  11 rats
  A fungus (D:7)
344 creatures vanquished.

Vanquished Creatures (others)
  5 fungi
  A plant (D:10)
6 creatures vanquished.

Grand Total: 350 creatures vanquished

Notes
Turn   | Place    | Note
--------------------------------------------------------------
     0 | D:1      | pulse the Formicid Berserker began the quest for the Orb.
     0 | D:1      | Reached XP level 1. HP: 18/18 MP: 1/1
   151 | D:1      | Reached XP level 2. HP: 24/24 MP: 2/2
   579 | D:1      | Reached XP level 3. HP: 27/30 MP: 3/3
   580 | D:1      | Acquired Trog's second power
   772 | D:2      | Reached skill level 4 in Fighting
  1323 | D:2      | Found a glowing silver altar of Zin.
  1678 | D:3      | Reached XP level 4. HP: 30/37 MP: 4/4
  2137 | D:4      | Noticed Grinder
  2160 | D:4      | HP: 1/37 [Grinder/nerve-wracking pain (8)]
  2180 | D:4      | Killed Grinder
  2180 | D:4      | Reached skill level 5 in Axes
  2180 | D:4      | Reached XP level 5. HP: 11/43 MP: 5/5
  2180 | D:4      | Reached XP level 6. HP: 12/49 MP: 6/6
  2314 | D:4      | Found Xuzaimejiv's Gadget Emporium.
  2369 | D:4      | Noticed Dowan
  2371 | D:4      | Noticed Duvessa
  2387 | D:4      | Killed Duvessa
  2387 | D:4      | Reached XP level 7. HP: 46/55 MP: 7/7
  2396 | D:4      | Killed Dowan
  2396 | D:4      | Reached skill level 5 in Fighting
  2556 | D:4      | Noticed Menkaure
  2568 | D:4      | Killed Menkaure
  2568 | D:4      | Reached skill level 6 in Axes
  2582 | D:4      | Gained mutation: You are robust (+10% HP). [potion of mutation]
  2582 | D:4      | Gained mutation: Your body sometimes deteriorates upon taking damage. [potion of mutation]
  2582 | D:4      | Gained mutation: You expend magic power (3 MP) to strengthen your wands. [potion of mutation]
  3134 | D:5      | Entered Level 5 of the Dungeon
  3152 | D:5      | Found a glowing drain.
  3196 | Sewer    | Entered a sewer
  3248 | Sewer    | Reached XP level 8. HP: 68/68 MP: 8/8
  3434 | Sewer    | Acquired Trog's third power
  3550 | Sewer    | Reached skill level 7 in Axes
  3645 | Sewer    | Reached skill level 5 in Armour
  3913 | D:5      | Found a burning altar of Makhleb.
  3973 | D:5      | Found a staircase to the Ecumenical Temple.
  4406 | D:6      | Reached skill level 8 in Axes
  4684 | D:6      | Reached XP level 9. HP: 73/75 MP: 9/9
  4748 | D:6      | Noticed Edmund
  4756 | D:6      | Killed Edmund
  4833 | D:6      | Noticed Eustachio
  4852 | D:6      | Killed Eustachio
  4852 | D:6      | Reached skill level 9 in Axes
  4874 | D:6      | Found a glowing golden altar of the Shining One.
  5742 | D:7      | Reached skill level 10 in Axes
  5780 | D:7      | Reached XP level 10. HP: 62/86 MP: 10/10
  6517 | D:8      | Reached skill level 11 in Axes
  6669 | D:8      | Noticed an unseen horror
  6699 | D:8      | Killed an unseen horror
  7836 | D:9      | Identified a scroll of acquirement
  7839 | D:9      | Got a pair of shimmering boots
  7845 | D:9      | Identified the +1 pair of boots "Gaukheqa" {Int+4} (You acquired it on level 9 of the Dungeon)
  8112 | D:9      | Received a gift from Trog
  8243 | D:9      | Noticed Joseph
  8262 | D:9      | Killed Joseph
  8262 | D:9      | Reached skill level 12 in Axes
  8263 | D:9      | Reached XP level 11. HP: 35/94 MP: 0/11
  8963 | D:10     | Entered Level 10 of the Dungeon
  8971 | D:10     | Reached skill level 1 in Shields
  9440 | D:10     | Received a gift from Trog
  9621 | D:10     | Found a staircase to the Orcish Mines.
  9658 | D:10     | Reached skill level 13 in Axes
  9854 | D:10     | Found a staircase to the Lair.
 10033 | D:10     | Found a portal to a secret trove of treasure.
 10266 | D:10     | Found a roughly hewn altar of Beogh.
 10561 | D:11     | Noticed a six-headed hydra
 10569 | D:11     | HP: 3/95 [ten-headed hydra (4)]
 10572 | D:11     | Killed from afar by a deep elf mage

Vault maps used:
D:1:      dpeg_arrival_arbitrary_b, minivault_4
D:2:      lemuel_round_altar
D:3:      nrook_loot_triangle
D:4:      first_bread, serial_shops, shop, uniq_duvessa, uniq_grinder,
          uniq_menkaure
D:5:      overflow_temple_1_default, minmay_temple_entry_trees,
          gup_sewer_entry_glass
D:6:      tso_altar, uniq_eustachio, uniq_edmund
D:7:      lemuel_slime
D:8:      hangedman_decor_opposing
D:9:      uniq_joseph
D:10:     minmay_lair_entry_grove, minmay_orc_entry_temple_small, enter_trove_2,
          david_nohive_1
D:11:     serial_shops, shop, nicolae_shop_trees, shop_scrolls,
          kennysheep_generic_room_16, uniq_grum
Sewer:    sewer_frog_island_02

Action                   |  1- 3 |  4- 6 |  7- 9 | 10-12 || total
-------------------------+-------+-------+-------+-------++-------
Melee: Hand axe          |   119 |   106 |    74 |       ||   299
       War axe           |       |       |   451 |   131 ||   582
       Battleaxe         |       |       |       |   296 ||   296
Invok: Trog's Hand       |       |       |       |     1 ||     1
  Use: Potion            |       |     8 |     1 |     4 ||    13
       Scroll            |       |       |     8 |    10 ||    18
  Eat: Chunk             |     2 |     3 |     4 |    13 ||    22
       Meat ration       |       |       |     1 |       ||     1
       Bread ration      |       |       |     1 |       ||     1
       Beef jerky        |       |       |       |     1 ||     1
